 Dungeon Crawl Stone Soup version 0.31-a0-112-gdf0485fa37 (webtiles) character file.

Game seed: 3502153013665661310

21588 Zonian the Skirmisher (level 12, 0/81 HPs)
             Began as a Tengu Hunter on May 27, 2023.
             Was an Elder of Nemelex Xobeh.
             Slain by a komodo dragon (27 damage)
             ... on level 4 of the Lair of Beasts on May 28, 2023.
             The game lasted 00:48:38 (19790 turns).

Zonian the Skirmisher (Tengu Hunter)               Turns: 19790, Time: 00:48:44

Health: 0/81       AC:  6    Str: 13    XL:     12   Next: 91%
Magic:  0/16       EV: 22    Int: 10    God:    Nemelex Xobeh [****..]
Gold:   610        SH:  0    Dex: 21    Spells: 11/11 levels left

rFire   + + .        E - +6 dagger "Hieloacs" {elec, rF+ rC+ Will+ SInv}
rCold   + . .        (no shield)
rNeg    . . .        u - +0 steam dragon scales
rPois   .            (helmet restricted)
rElec   .            w - +0 cloak
rCorr   .            (no gloves)
SInv    +            (boots unavailable)
Will    +....        h - amulet of guardian spirit
Stlth   +++++        m - ring of fire
HPRegen 0.33/turn    j - ring of protection from cold
MPRegen 0.15/turn

%: guardian spirit
@: flying quickly and evasively, quick
A: beak, talons 3, nimble flight
a: Renounce Religion, Draw Escape, Draw Destruction, Draw Summoning, Triple
Draw, Deal Four


You were on level 4 of the Lair of Beasts.
You worshipped Nemelex Xobeh.
Nemelex Xobeh was greatly pleased with you.
You visited 3 branches of the dungeon, and saw 14 of its levels.

You collected 771 gold pieces.
You spent 161 gold pieces at shops.

Inventory:

Hand Weapons
 a - a +0 shortbow of draining
 d - a +3 sling of draining
 e - a +0 dagger
 n - a +2 dagger of venom
 q - a +2 spear of freezing
 C - a +1 short sword of speed
 D - a +4 hand axe
 E - the +6 dagger "Hieloacs" (weapon) {elec, rF+ rC+ Will+ SInv}
   (You bought it in a shop on level 5 of the Dungeon)

   rF:        It protects you from fire.
   rC:        It protects you from cold.
   SInv:      It lets you see invisible.
   Will:      It increases your willpower.
Missiles
 o - 3 atropa-tipped darts
 y - 7 curare-tipped darts
 J - 5 javelins
 R - 2 boomerangs of dispersal
Armour
 c - a +0 leather armour
 k - a +0 buckler
 p - a +0 ring mail
 s - a +1 leather armour of fire resistance
 u - +0 steam dragon scales (worn)
 w - a +0 cloak (worn)
Jewellery
 h - an amulet of guardian spirit (around neck)
 j - a ring of protection from cold (right hand)
 m - a ring of fire (left hand)
 N - an amulet of regeneration
 O - a ring of fire
Wands
 z - a wand of mindburst (3)
 I - a wand of light (2)
 L - a wand of roots (10)
 Q - a wand of polymorph (5)
Scrolls
 b - a scroll of immolation
 f - a scroll of amnesia
 i - 10 scrolls of teleportation
 l - 3 scrolls of blinking
 P - a scroll of poison
 T - a scroll of identify
Potions
 g - 3 potions of haste
 r - a potion of cancellation
 t - 2 potions of invisibility
 v - 2 potions of might
 x - 2 potions of lignification
 B - 2 potions of enlightenment
 F - 2 potions of brilliance {unknown}
 H - 4 potions of curing
 K - a potion of berserk rage {unknown}
 M - 2 potions of ambrosia
 S - a potion of attraction {unknown}
 U - a potion of resistance {unknown}


   Skills:
 + Level 12.3 Fighting
 + Level 13.8 Ranged Weapons
 - Level 9.4 Dodging
 - Level 9.2 Stealth
 - Level 4.0 Invocations


You had 11 spell levels left.
You didn't know any spells.
Your spell library contained the following spells:

 Spells                   Type           Power      Damage    Failure   Level
 Sandblast                Erth           0%         2d4       36%         1
 Lesser Beckoning         Tloc           0%         N/A       50%         2
 Passwall                 Tmut/Erth      0%         N/A       50%         2
 Gell's Gravitas          Tloc           0%         N/A       75%         3
 Hailstorm                Conj/Ice       0%         3d3       75%         3
 Stone Arrow              Conj/Erth      0%         3d7       75%         3
 Teleport Other           Tloc           0%         N/A       75%         3
 Cause Fear               Hex            0%         N/A       98%         4
 Ice Form                 Ice/Tmut       0%         N/A       98%         4
 Leda's Liquefaction      Hex/Erth       0%         N/A       98%         4
 Lee's Rapid Deconstruct  Erth           0%         3d4*      100%        5
 Summon Forest            Summ/Tloc      0%         N/A       100%        5
 Eringya's Noxious Bog    Tmut/Pois      0%         N/A       100%        6
 Leda's Unmaking          Conj/Erth      0%         9d1       100%        6
 Simulacrum               Ice/Necr       0%         N/A       100%        6
 Statue Form              Tmut/Erth      0%         N/A       100%        6
 Dragon Form              Tmut           0%         N/A       100%        7
 Summon Hydra             Summ           0%         N/A       100%        7
 Dragon's Call            Summ           0%         N/A       100%        9


Dungeon Overview and Level Annotations

Branches:
Dungeon (9/15)             Temple (1/1) D:6            Lair (4/5) D:9
 Shoals (0/4) Lair:2       Spider (0/4) Lair:2        Slime (0/5) Lair:4
    Orc (0/2) D:9

Altars:
Ashenzari
Cheibriados
Dithmenos
Elyvilon
Fedhas
Hepliaklqana
Kikubaaqudgha
Makhleb
Nemelex Xobeh
Okawaru
Qazlal
Ru
Sif Muna
Trog
Uskayaw
Vehumet
Wu Jian
Xom
Yredelemnul
Zin

Shops:
D:5 (

Annotations:
D:1 Terence


Innate Abilities, Weirdness & Mutations

You have a beak for a mouth.
You have claws for feet.
Your magical nature lets you fly swiftly and evasively.


Message History

You closely miss the yak. Your kick misses the yak.
The yak is almost dead.
You feel sick. The yak closely misses you.
You hit the yak. Lightning courses through the yak!
You kill the yak!
You feel very sick.
Cornered, the yak turns to fight!
You barely miss the komodo dragon. You claw the komodo dragon.
The komodo dragon is lightly wounded.
You feel sick. The komodo dragon closely misses you.
Unknown command.
You feel much better.
You feel sick. The komodo dragon closely misses you.
You hit the komodo dragon but do no damage.
Your kick misses the komodo dragon.
You peck the komodo dragon, but do no damage.
The komodo dragon is lightly wounded.
You feel sick. The komodo dragon barely misses you.
You hit the komodo dragon but do no damage.
You claw the komodo dragon. You peck the komodo dragon.
The komodo dragon is lightly wounded.
You feel sick.
The komodo dragon completely misses you.
You hit the komodo dragon but do no damage.
You claw the komodo dragon, but do no damage.
The komodo dragon is lightly wounded.
You feel sick. The komodo dragon barely misses you.
You hit the komodo dragon. You claw the komodo dragon.
You peck the komodo dragon.
The komodo dragon is moderately wounded.
You feel sick.
The komodo dragon completely misses you.
You puncture the komodo dragon!
Lightning courses through the komodo dragon!
You claw the komodo dragon, but do no damage.
The komodo dragon is almost dead.
You feel sick.
You are no longer poisoned.
The komodo dragon bites you!!
You die...
Your body glows with a rainbow of weird colours and disappears.

##.....Y.##
###.........#
#.........###
#.......Y[##
#P........P# ###
#..........###.##
##.......(...#...#
#...........(..l## .
##.......).....#@# .
#P.............##.......
.
##............####......
.
#.............#P.#......
.
##..............P.......
.
#......................
.
##.....................
. #.....................
.
#.#..<.................
.


You could see a komodo dragon.

Vanquished Creatures
  A fire dragon (Lair:4)
  A death yak (Lair:3)
  2 skysharks
  A salamander (D:8)
  3 black mambas
  A merfolk siren (Lair:2)
  Maurice (D:9)
  8 cane toads
  A rime drake (Lair:4)
  2 komodo dragons
  7 blink frogs
  A culicivora (Lair:2)
  A spriggan (Lair:3)
  16 yaks
  A vampire (D:9)
  4 wyverns
  A steam dragon (D:6)
  5 basilisks
  A redback (Lair:2)
  Edmund (D:5)
  2 wargs (D:9)
  13 water moccasins
  An orc warrior (D:9)
  A sky beast (D:8)
  2 black bears
  3 ogres
  3 centaurs
  14 wolves (Lair:2)
  2 phantoms (D:6)
  A kobold brigand (D:7)
  18 bullfrogs
  A water moccasin zombie (D:7)
  2 wyvern zombies (D:7)
  A scorpion (D:6)
  6 wights
  3 killer bees (D:8)
  An electric eel (Lair:2)
  3 howler monkeys (D:7)
  3 centaur zombies (D:7)
  3 hounds
  6 jellies
  3 orc priests
  8 orc wizards
  5 iguanas
  2 killer bee zombies (D:7)
  Robin (D:2)
  7 gnolls
  9 adders
  A shadow imp (D:6)
  An ufetubus (D:6)
  3 worms
  2 dart slugs
  35 orcs
  5 bats
  10 endoplasms
  A giant cockroach (D:1)
  11 hobgoblins
  11 jackals
  10 quokkas
  9 ball pythons
  3 frilled lizards
  17 goblins
  12 kobolds
  6 rats
320 creatures vanquished.

Vanquished Creatures (collateral kills)
  A catoblepas (Lair:2)
  A torpor snail (Lair:4)
  A polar bear (Lair:4)
  2 blink frogs (Lair:4)
  A wyvern (D:8)
  A water moccasin (Lair:4)
  A bullfrog (Lair:2)
8 creatures vanquished.

Grand Total: 328 creatures vanquished

Notes
Turn   | Place    | Note
-------+----------+-------------------------------------------
     0 | D:1      | Zonian the Tengu Hunter began the quest for the Orb.
     0 | D:1      | Reached XP level 1. HP: 12/12 MP: 2/2
    96 | D:1      | Reached XP level 2. HP: 17/17 MP: 3/3
   575 | D:1      | Reached XP level 3. HP: 22/22 MP: 4/4
   930 | D:2      | Found a burning altar of Makhleb.
   938 | D:2      | Noticed Terence
   938 | D:2      | Noticed Robin
  1397 | D:2      | Reached XP level 4. HP: 14/27 MP: 3/5
  1780 | D:2      | Reached skill level 5 in Ranged Weapons
  1806 | D:2      | Killed Robin
  2276 | D:3      | Gained mutation: Your magical nature lets you fly swiftly
                  | and evasively. [Tengu growth]
  2276 | D:3      | Reached XP level 5. HP: 32/32 MP: 6/6
  3719 | D:3      | Found a radiant altar of Vehumet.
  3754 | D:3      | Found a faded altar of an unknown god.
  4257 | D:4      | Reached XP level 6. HP: 37/37 MP: 7/7
  4471 | D:4      | Reached skill level 6 in Ranged Weapons
  4471 | D:4      | Reached XP level 7. HP: 23/43 MP: 4/8
  4590 | D:4      | Found a hazy altar of Hepliaklqana.
  5269 | D:5      | Entered Level 5 of the Dungeon
  5372 | D:5      | Found a blossoming altar of Fedhas.
  5389 | D:5      | Noticed Edmund
  5536 | D:5      | Found Tumuas's Antique Weapon Shoppe.
  5671 | D:5      | Reached skill level 5 in Dodging
  5685 | D:5      | Reached XP level 8. HP: 44/48 MP: 9/9
  5856 | D:5      | Reached skill level 5 in Fighting
  5856 | D:5      | Reached skill level 5 in Stealth
  6251 | D:5      | Killed Edmund
  6252 | D:5      | Reached skill level 7 in Ranged Weapons
  6349 | D:6      | Found a staircase to the Ecumenical Temple.
  6355 | Temple   | Entered the Ecumenical Temple
  6397 | Temple   | Became a worshipper of Nemelex Xobeh the Trickster
  7285 | D:7      | Noticed a komodo dragon
  7332 | D:7      | Reached * piety under Nemelex Xobeh
  7346 | D:6      | Reached XP level 9. HP: 45/55 MP: 8/10
  7943 | D:7      | Noticed a hornet
  9186 | D:7      | Reached skill level 8 in Ranged Weapons
  9670 | D:7      | Noticed a hornet
  9866 | D:7      | You are sucked into a shaft and drop 1 floor!
 10358 | D:7      | Received a gift from Nemelex Xobeh
 10394 | D:7      | Upgraded the game from 0.31-a0-108-gdf935468f2 to
                  | 0.31-a0-112-gdf0485fa37
 11101 | D:8      | Noticed a two-headed ogre
 11129 | D:8      | a two-headed ogre changed into a salamander
 11129 | D:8      | Noticed a salamander
 11145 | D:8      | Killed a salamander
 11146 | D:8      | Reached skill level 9 in Ranged Weapons
 11146 | D:8      | Reached XP level 10. HP: 55/63 MP: 7/11
 11947 | D:5      | Bought an ancient dagger for 161 gold pieces
 11947 | D:5      | Identified the +6 dagger "Hieloacs" {elec, rF+ rC+ Will+
                  | SInv} (You bought it in a shop on level 5 of the Dungeon)
 12388 | D:9      | Found a staircase to the Lair.
 12393 | D:9      | Noticed Maurice
 12401 | D:9      | Killed Maurice
 12864 | D:9      | Found a staircase to the Orcish Mines.
 13355 | Lair:1   | Entered Level 1 of the Lair of Beasts
 13358 | Lair:1   | Noticed a cane toad
 13367 | Lair:1   | Killed a cane toad
 13371 | Lair:1   | Reached ** piety under Nemelex Xobeh
 13467 | Lair:1   | Received a gift from Nemelex Xobeh
 13478 | Lair:1   | Noticed a cane toad
 13486 | Lair:1   | Killed a cane toad
 13678 | Lair:1   | Reached skill level 10 in Ranged Weapons
 13770 | Lair:1   | Reached XP level 11. HP: 64/69 MP: 10/12
 14166 | Lair:1   | Received a gift from Nemelex Xobeh
 14354 | Lair:1   | Reached skill level 1 in Invocations
 15103 | Lair:2   | Reached skill level 11 in Ranged Weapons
 15315 | Lair:2   | Found a hole to the Spider Nest.
 15354 | Lair:2   | Noticed a catoblepas
 15571 | Lair:2   | Killed a catoblepas
 15723 | Lair:2   | Received a gift from Nemelex Xobeh
 15801 | Lair:2   | Found a staircase to the Shoals.
 15810 | Lair:2   | Reached *** piety under Nemelex Xobeh
 15904 | Lair:2   | Reached skill level 10 in Fighting
 16287 | Lair:3   | Noticed a death yak
 16715 | Lair:3   | Reached XP level 12. HP: 61/77 MP: 13/16
 17107 | Lair:3   | Reached skill level 12 in Ranged Weapons
 17380 | Lair:3   | Noticed a skyshark
 17394 | Lair:3   | Killed a skyshark
 17786 | Lair:3   | Received a gift from Nemelex Xobeh
 18550 | Lair:3   | Killed a death yak
 19002 | Lair:4   | Received a gift from Nemelex Xobeh
 19012 | Lair:4   | Noticed a skyshark
 19032 | Lair:4   | Killed a skyshark
 19173 | Lair:4   | Reached **** piety under Nemelex Xobeh
 19240 | Lair:4   | Found a staircase to the Slime Pits.
 19282 | Lair:4   | Reached skill level 13 in Ranged Weapons
 19410 | Lair:4   | Received a gift from Nemelex Xobeh
 19484 | Lair:4   | Noticed a death yak
 19491 | Lair:4   | a death yak changed into a fire dragon
 19491 | Lair:4   | Noticed a fire dragon
 19498 | Lair:4   | Killed a fire dragon
 19699 | Lair:4   | Identified the +6 war axe "Tormentor" {heavy, Drain rElec
                  | Int+5}
 19790 | Lair:4   | Slain by a komodo dragon

Illustrated notes

Levels and vault maps discovered:
D:1:      psy_arrival_dodecagon, layout_loops_ring
D:2:      layout_loops_ring, basic_altar, uniq_terence, uniq_robin
D:3:      layout_loops_ring, overflow_temple_1_default,
          shapermc_ecumenical_altar_notcrosses
D:4:      layout_loops_cross, nicolae_hepliaklqana_hazy_memory
D:5:      layout_gridville, fedhas_altar_3, serial_shops,
          nicolae_shop_hallway_plus, uniq_edmund
D:6:      nicolae_cairo_tiling_large, layout_loops_ring,
          minmay_temple_entry_crystal_x, dk_rats_in_the_wall
D:7:      layout_loops_ring, serial_undead, serial_undead_a, serial_undead_a,
          serial_undead_d, serial_undead_b
D:8:      layout_basic
D:9:      layout_basic, lair_entry_dummy, erik_orc_3, uniq_maurice
Temple:   sentei_temple_godly_chess
Lair:1:   layout_regular_city, serial_forest, infiniplex_forest_end_3,
          infiniplex_forest_end_2, infiniplex_forest_lined_2,
          infiniplex_forest_end_1, infiniplex_forest_split,
          infiniplex_forest_pool, infiniplex_forest_straight_4,
          infiniplex_forest_side_room, infiniplex_forest_lined_corner,
          chequers_serial_rivers_small_b, serial_bayou_shore_a
Lair:2:   layout_hall_layers, elwin_shoals_entry_rooms,
          spider_nest_entry_funnel_web, grunt_megastairs_3
Lair:3:   layout_roguey, minivault_11, grunt_forest_large_clearing_hut,
          grunt_megastairs_1, infiniplex_staircase_pool_2
Lair:4:   layout_cave_shapes, nicolae_slime_entry_field_trip

Skill      XL: |  1  2  3  4  5  6  7  8  9 10 11 12 |
---------------+-------------------------------------+-----
Stealth        | 2 3 4 6 7 9 |  9.2
Ranged Weapons | 5 6 7 9 10 11 13 | 13.8
Dodging        | 3 4 5 6 8 9 |  9.4
Fighting       | 3 4 5 7 8 10 12 | 12.3
Invocations    | 4 |  4.0

Action                     |  1- 3 |  4- 6 |  7- 9 | 10-12 || total
---------------------------+-------+-------+-------+-------++-------
  Melee: Dagger            |       |       |     8 |    90 ||    98
         Kick              |       |       |     1 |    39 ||    40
         Peck              |       |       |     1 |    20 ||    21
         Punch             |       |       |       |     1 ||     1
   Fire: Shortbow          |   129 |   176 |       |       ||   305
         Sling             |       |    37 |   381 |   758 ||  1176
  Throw: Boomerang         |       |       |       |     1 ||     1
 Invoke: Draw Destruction  |       |       |     2 |    11 ||    13
         Draw Summoning    |       |       |     1 |     2 ||     3
         Draw Escape       |       |       |       |     1 ||     1
  Evoke: Wand              |       |       |     5 |     5 ||    10
    Use: Scroll            |     1 |     6 |     8 |     5 ||    20
         Potion            |     1 |       |     3 |     4 ||     8
   Stab: Sleeping          |       |       |       |     4 ||     4
 Armour: Leather armour    |    20 |    15 |    39 |     1 ||    75
         Steam dragon scal |       |       |       |    58 ||    58
  Dodge: Dodged            |    74 |    75 |   256 |   506 ||   911

Table legend: (Time is in decaauts)
 A = Elapsed time spent in this place.
 B = Non-inter-level travel time spent in this place.
 C = Inter-level travel time spent in this place.
 D = Time resting spent in this place.
 E = Time spent auto-exploring this place.
 F = Levels seen in this place.
 G = Mean time per level.
                   A        B        C        D        E       F      G
               +--------+--------+--------+--------+--------+-----+--------+
         Total |  19046 |  18342 |    704 |   8184 |   6317 |  14 | 1360.4 |
       Dungeon |  12922 |  12326 |    596 |   5352 |   4390 |   9 | 1435.8 |
        Temple |     41 |     39 |      2 |      0 |      0 |   1 |   41.0 |
          Lair |   6082 |   5977 |    105 |   2831 |   1926 |   4 | 1520.5 |
               +--------+--------+--------+--------+--------+-----+--------+

Top non-repeatable levels by time:
     D:6: 2765 daAuts
  Lair:3: 2539 daAuts
     D:2: 2475 daAuts
  Lair:2: 1645 daAuts
     D:8: 1534 daAuts
     D:7: 1414 daAuts
  Lair:1: 1184 daAuts
     D:4: 1177 daAuts
     D:3: 1058 daAuts
     D:9: 939 daAuts
     D:1: 836 daAuts
     D:5: 720 daAuts
  Lair:4: 713 daAuts
  Temple: 41 daAuts
